Map: Romanticide LE

Players

deyeplz

  • Race: Protoss Protoss
  • League: Platinum

ViBE - Winner!

  • Race: Zerg Zerg
  • League: Platinum

VOD

https://youtu.be/iutB5zAgnHI?t=27

Description

Time

  • Played on: April 6, 2021, 4:36 p.m.
  • Length: 13:02
Show
View Real Time Build Order
Export as new Build Order

deyeplz Protoss 

Build Orders: 1 Gate Expand 

Get SALT Encoding   

  12  0:02  Probe  
  13  0:14  Probe  
  14  0:22  Pylon  
  14  0:26  Probe  
  15  0:40  Probe (Chrono Boost)  
  16  0:44  Gateway  
  16  0:52  Probe (Chrono Boost)  
  16  0:53  Assimilator  
  17  0:57  Probe (Chrono Boost)  
  18  1:10  Probe  
  19  1:23  Probe  
  20  1:29  Nexus  
  20  1:35  Probe  
  21  1:47  Cybernetics Core  
  21  1:49  Probe (Chrono Boost)  
  22  1:54  Assimilator  
  22  1:59  Pylon  
  23  2:01  Probe (Chrono Boost)  
  23  2:14  Pylon  
  24  2:22  Probe  
  24  2:36  Adept  
  26  2:37  Warp Gate  
  26  2:39  Gateway  
  26  2:43  Stargate  
  26  2:56  Probe  
  26  2:57  Probe  
  28  3:02  Shield Battery  
  28  3:08  Adept  
  28  3:09  Probe x2  
  32  3:21  Probe x2  
  32  3:26  Stalker  
  36  3:33  Probe x2  
  38  3:44  Void Ray (Chrono Boost)  
  33  3:48  Stalker  
  44  3:58  Forge  
  44  4:03  Gateway  
  44  4:05  Gateway  
  44  4:24  Void Ray  
  44  4:28  Probe x2  
  50  4:34  Protoss Ground Weapons Level 1  
  50  4:59  Probe x2  
  52  5:00  Nexus  
  52  5:01  Pylon  
  52  5:09  Robotics Facility  
  52  5:11  Probe (Chrono Boost)  
  52  5:12  Pylon, Probe (Chrono Boost), Robotics Facility  
  54  5:17  Assimilator  
  54  5:20  Assimilator  
  56  5:22  Probe x2 (Chrono Boost)  
  56  5:23  Pylon  
  56  5:27  Shield Battery, Probe x2 (Chrono Boost)  
  58  5:37  Probe  
  59  5:46  Stalker  
  59  5:47  Stalker  
  59  5:49  Void Ray  
  63  5:50  Assimilator  
  63  5:53  Probe x2  
  63  5:55  Assimilator  
  69  6:05  Probe x2  
  71  6:18  Probe x2  
  71  6:19  Probe  
  71  6:21  Robotics Bay  
  71  6:24  Forge x2  
  74  6:29  Observer x2, Cybernetics Core  
  76  6:34  Pylon  
  76  6:35  Probe x3  
  79  6:44  Void Ray  
  79  6:47  Probe x2  
  85  7:15  Colossus x2  
  85  7:25  Extended Thermal Lance (Chrono Boost)  
  97  7:51  Probe x3  
  99  7:56  Protoss Ground Armor Level 1 (Chrono Boost)  
  100  8:03  Probe  
  100  8:04  Twilight Council  
  101  8:21  Pylon  
  101  8:23  Pylon  
  101  8:26  Pylon  
  101  8:27  Pylon  
  101  8:35  Protoss Shields Level 1 (Chrono Boost)  
  101  8:37  Colossus (Chrono Boost)  
  101  8:38  Colossus (Chrono Boost)  
  101  8:39  Probe  
  114  8:50  Pylon  
  114  8:55  Nexus  
  114  8:57  Pylon  
  114  8:59  Pylon  
  114  9:09  Charge  
  114  9:11  Gravitic Boosters  
  114  9:19  Gateway  
  114  9:21  Gateway  
  114  9:22  Gateway x2, Disruptor, Protoss Air Weapons Level 1  
  114  9:23  Gateway  
  117  9:24  Gateway, Disruptor  
  117  9:28  Gateway  
  117  9:30  Gateway  
  109  9:45  Stalker  
  85  10:02  Stalker  
  87  10:11  Pylon  
  87  10:14  Pylon  
  87  10:18  Colossus x2  
  99  10:21  Protoss Ground Weapons Level 2 (Chrono Boost)  
  99  10:27  Observer  
  99  10:37  Nexus  
  99  10:39  Stalker x3  
  99  10:40  Pylon, Stalker x3  
  99  10:41  Stalker x4  
  99  10:42  Pylon, Stalker  
  121  10:45  Assimilator  
  121  10:47  Assimilator  
  121  11:02  Gateway x2  
  121  11:04  Gateway  
  121  11:05  Photon Cannon  
  121  11:06  Shield Battery, Photon Cannon  
  103  11:37  Immortal (Chrono Boost)  
  103  11:38  Immortal (Chrono Boost)  
  97  11:44  Stalker x3  
  97  11:45  Stalker x5  
  97  11:46  Stalker x2  
  125  12:03  Probe x3  
  125  12:04  Probe  
  129  12:10  Stalker x3  
  129  12:11  Stalker x4  
  129  12:12  Stalker  
  143  12:15  Probe x2  
Show
View Real Time Build Order
Export as new Build Order

ViBE Zerg - Winner!

Build Orders: Hatch First, Roach Hydra 

Get SALT Encoding   

  12  0:01  Drone  
  13  0:14  Overlord  
  13  0:17  Drone  
  14  0:33  Drone x2  
  16  0:50  Hatchery  
  16  0:53  Drone  
  16  0:58  Drone  
  17  1:10  Drone  
  18  1:13  Spawning Pool  
  18  1:16  Drone  
  18  1:21  Drone  
  19  1:30  Drone  
  20  1:33  Extractor  
  19  1:43  Drone  
  20  2:00  Queen  
  22  2:02  Queen  
  22  2:04  Drone x3  
  27  2:12  Overlord  
  27  2:17  Drone  
  28  2:28  Overlord  
  28  2:34  Drone  
  28  2:36  Drone x2  
  31  2:38  Lair  
  31  2:41  Queen  
  33  2:48  Drone  
  33  2:49  Drone  
  35  3:01  Overlord  
  35  3:07  Drone  
  35  3:08  Drone x2  
  35  3:12  Drone x6  
  44  3:16  Roach Warren  
  44  3:18  Evolution Chamber  
  42  3:26  Drone, Extractor  
  42  3:27  Drone, Extractor  
  42  3:37  Drone  
  42  3:38  Drone  
  44  3:44  Drone x3  
  47  3:52  Overlord  
  47  3:53  Overlord x2  
  47  3:59  Roach x2  
  51  4:05  Drone  
  51  4:09  Hatchery  
  51  4:12  Roach x2  
  51  4:15  Queen  
  57  4:18  Roach x2  
  57  4:19  Roach  
  57  4:22  Overlord  
  63  4:25  Glial Reconstitution  
  63  4:29  Zerg Missile Weapons Level 1  
  63  4:37  Drone x4  
  63  4:38  Drone  
  68  4:47  Drone x3  
  71  4:58  Drone x5  
  76  5:09  Overlord x2  
  76  5:13  Hydralisk Den  
  75  5:17  Evolution Chamber  
  75  5:18  Extractor  
  75  5:19  Drone x2  
  75  5:27  Drone x7  
  82  5:34  Drone x2  
  84  5:41  Drone  
  85  5:43  Extractor  
  85  5:44  Overlord, Extractor  
  83  5:50  Zerg Ground Armor Level 1  
  83  5:51  Grooved Spines  
  83  5:56  Drone x5  
  83  5:57  Drone  
  89  6:01  Overlord x2  
  89  6:08  Hatchery  
  89  6:10  Overseer  
  89  6:11  Overlord x3  
  88  6:21  Hydralisk x7  
  88  6:22  Zerg Missile Weapons Level 2  
  102  6:35  Hydralisk x5  
  112  7:01  Hydralisk x4  
  112  7:02  Muscular Augments  
  112  7:06  Overlord  
  112  7:07  Overlord x2  
  112  7:08  Drone x9  
  127  7:15  Drone  
  130  7:16  Infestation Pit  
  125  7:29  Drone  
  126  7:30  Drone x7  
  126  7:36  Extractor  
  132  7:38  Extractor  
  132  7:39  Drone  
  132  7:40  Drone x6  
  138  7:48  Zerg Ground Armor Level 2  
  138  7:49  Hydralisk x3  
  144  8:02  Hydralisk  
  144  8:03  Hydralisk x6  
  158  8:25  Hatchery  
  157  8:33  Overlord x5  
  157  8:34  Overlord  
  157  8:40  Hydralisk x9  
  175  8:55  Hydralisk x8  
  175  8:56  Hydralisk x4  
  199  9:12  Unknown  
  199  9:14  Hive  
  152  9:54  Roach x15  
  144  10:09  Hydralisk x10  
  154  10:14  Lurker Den  
  154  10:16  Hatchery  
  144  10:27  Hydralisk x15  
  172  10:48  Hydralisk x11  
  194  10:54  Hydralisk x3  
  194  10:56  Overseer  
  200  10:57  Overseer  
  170  12:26  Drone  
  170  12:28  Roach x14  
  170  12:29  Roach x3, Hydralisk  
  183  12:30  Hydralisk x8  
Tags
 
Add a new tag
Caveats
  • Supply blocks, unpowered buildings, or Contaminate may cause inaccurate times.
  • Supply counts are checked every 10 seconds.